 Dungeon Crawl Stone Soup version 0.29-a0-824-gd827844252 (webtiles) character file.

Game seed: 3433937884175852204

80 lesbiats the Shield-Bearer (level 4, -2/38 (41) HPs)
             Began as a Gnoll Wanderer on July 10, 2022.
             Was a Believer of Jiyva.
             Slain by a goblin
             ... wielding a +0 club
             ... led by Robin
              (4 damage)
             ... on level 4 of the Dungeon.
             The game lasted 00:21:07 (3226 turns).

lesbiats the Shield-Bearer (Gnoll Wanderer)         Turns: 3226, Time: 00:21:08

HP:   -2/38 (41)    AC:  3    Str: 12    XL:     4   Next: 39%
MP:   6/6           EV: 11    Int:  8    God:    Jiyva [**....]
Gold: 1             SH:  0    Dex: 16    Spells: 0/5 levels left

rFire   . . .      SeeInvis .   a - +4 halberd (vorpal)
rCold   . . .      Faith    .   (shield currently unavailable)
rNeg    . . .      Spirit   .   f - +0 leather armour
rPois   .          Reflect  .   (no helmet)
rElec   .          Harm     .   (no cloak)
rCorr   +          Rampage  .   (no gloves)
Will    .....                   (no boots)
Stlth   ++........              (no amulet)
HPRegen 1.08/turn               (no ring)
MPRegen 0.40/turn               (no ring)

@: drained
A: fangs 1, strong nose, distributed training
a: Renounce Religion


You were on level 4 of the Dungeon.
You worshipped Jiyva.
Jiyva was pleased with you.
You visited 1 branch of the dungeon, and saw 4 of its levels.

You collected 155 gold pieces.
You spent 154 gold pieces at shops.

Inventory:

Hand Weapons
 a - a +4 vorpal halberd (weapon)
 b - a +0 sling
Missiles
 c - 10 poisoned darts (quivered)
 g - 42 stones
 u - a boomerang
Armour
 d - a +2 buckler
 f - a +0 leather armour (worn)
 m - a scarf of shadows
 p - a +0 chain mail
 w - a +0 scale mail
Scrolls
 k - a scroll of torment
 q - a scroll of acquirement {unknown}
 s - a scroll of teleportation {unknown}
 t - a scroll of enchant armour {unknown}
 v - a scroll of identify {unknown}
Potions
 e - a potion of attraction
 h - a potion of berserk rage {unknown}
 i - 2 potions of degeneration {unknown}
 j - a potion of brilliance {unknown}
 l - a potion of magic {unknown}
 n - 2 potions of ambrosia {unknown}
 r - a potion of invisibility {unknown}


   Skills:
 + Level 6.6 Fighting
 + Level 1.2 Short Blades
 + Level 1.2 Long Blades
 + Level 1.2 Axes
 + Level 1.2 Maces & Flails
 + Level 1.2 Polearms
 + Level 1.2 Staves
 + Level 1.2 Ranged Weapons
 + Level 4.6 Throwing
 + Level 2.8 Armour
 + Level 1.2 Dodging
 + Level 1.2 Stealth
 + Level 6.6 Shields
 + Level 1.2 Unarmed Combat
 + Level 1.2 Spellcasting
 + Level 1.0 Conjurations
 + Level 1.0 Hexes
 + Level 1.0 Summonings
 + Level 1.0 Necromancy
 + Level 1.0 Translocations
 + Level 1.0 Transmutations
 + Level 1.0 Fire Magic
 + Level 1.0 Ice Magic
 + Level 1.0 Air Magic
 + Level 1.0 Earth Magic
 + Level 1.0 Poison Magic
 + Level 2.9 Invocations
 + Level 1.2 Evocations


You couldn't memorise any spells.
You knew the following spells:

 Your Spells              Type           Power      Damage    Failure   Level
a - Mephitic Cloud        Conj/Pois/Air  2%         N/A       69%         3
b - Poisonous Vapours     Pois/Air       4%         N/A       45%         2

Your spell library contained the following spells:

 Spells                   Type           Power      Damage    Failure   Level
 Ignite Poison            Fire/Tmut/Pois 2%         N/A       69%         3
 Summon Guardian Golem    Hex/Summ       2%         N/A       69%         3
 Corpse Rot               Necr/Pois/Air  2%         N/A       97%         4
 Freezing Cloud           Conj/Ice/Air   1%         6-21      100%        5
 Orb of Destruction       Conj           1%         9d5       100%        7
 Spellforged Servitor     Conj/Summ      1%         N/A       100%        7


Dungeon Overview and Level Annotations

Branches:
Dungeon (4/15)
 Temple: D:4-7

Altars:
Jiyva

Shops:
D:2 (

Annotations:
D:4 Robin


Innate Abilities, Weirdness & Mutations

You have very sharp teeth.
Your uncanny sense of smell can sniff out nearby items.
Your experience applies equally to all skills.


Message History

You hit Robin but do no damage. Your bite misses Robin.
Robin is almost dead.
Robin misses you. The goblin barely misses you.
Robin roars a battlecry!
The goblin goes into a battle-frenzy!
The goblin closely misses you.
You hear a shout!
The goblin attacks as you move away! The goblin hits you with a +0 dagger.
A kobold comes into view. It is wielding a +3 dagger of draining.
The kobold shouts!
Robin hits you from afar with a +0 spear.
You hit the goblin.
You kill the goblin!
Robin hits you from afar with a +0 spear.
The goblin closely misses you.
You hit the goblin.
You kill the goblin!
A goblin comes into view. It is wielding a +0 club.
Robin hits you from afar with a +0 spear.
* * * LOW HITPOINT WARNING * * *
Robin roars a battlecry!
The goblin goes into a battle-frenzy!
The goblin shouts!
You hit the kobold but do no damage. Robin closely misses you.
The kobold closely misses you.
You feel better. Robin closely misses you.
The kobold hits you with a +3 dagger of draining.
You feel drained.
You closely miss the kobold. Your bite misses the kobold.
Robin throws the goblin at you! The goblin hits you with a +0 club.
The kobold hits you with a +3 dagger of draining.
You feel drained.
Robin hits you from afar with a +0 spear.
* * * LOW HITPOINT WARNING * * *
The kobold hits you with a +3 dagger of draining.
* * * LOW HITPOINT WARNING * * *
You feel drained.
* * * LOW HITPOINT WARNING * * *
The goblin hits you with a +0 club.
You die...

.# .# ∆ .#
#####+#.#
#.g@....#
#..)K...#
∆#.).g...#
#)...<..#
#..######.#
##. .# #) #
.g ## ∆


You could see Robin, a goblin (strong) and a kobold.

Vanquished Creatures
  2 adders
  A worm (D:2)
  A dart slug (D:1)
  An orc (D:3)
  5 bats
  4 endoplasms (D:1)
  A giant cockroach (D:3)
  15 goblins
  5 hobgoblins
  4 kobolds
  2 quokkas
  7 ball pythons
  2 frilled lizards
  3 rats
53 creatures vanquished.

Vanquished Creatures (others)
  A hobgoblin (D:3)
  A quokka (D:3)
2 creatures vanquished.

Grand Total: 55 creatures vanquished

Notes
Turn   | Place    | Note
-------+----------+-------------------------------------------
     0 | D:1      | lesbiats the Gnoll Wanderer began the quest for the Orb.
     0 | D:1      | lesbiats set off with the following items: a +0 dagger, a
                  | potion of curing, 10 poisoned darts, a +2 buckler, a potion
                  | of attraction, a +0 leather armour.
     0 | D:1      | Reached XP level 1. HP: 23/23 MP: 2/2
   375 | D:1      | Reached XP level 2. HP: 29/29 MP: 3/3
   806 | D:1      | Reached XP level 3. HP: 23/35 MP: 4/4
  1601 | D:2      | Reached skill level 1 in Short Blades
  1601 | D:2      | Reached skill level 1 in Long Blades
  1601 | D:2      | Reached skill level 1 in Axes
  1601 | D:2      | Reached skill level 1 in Maces & Flails
  1601 | D:2      | Reached skill level 1 in Polearms
  1601 | D:2      | Reached skill level 1 in Staves
  1601 | D:2      | Reached skill level 1 in Ranged Weapons
  1601 | D:2      | Reached skill level 1 in Dodging
  1601 | D:2      | Reached skill level 1 in Stealth
  1601 | D:2      | Reached skill level 1 in Unarmed Combat
  1601 | D:2      | Reached skill level 1 in Spellcasting
  1601 | D:2      | Reached skill level 1 in Evocations
  1678 | D:2      | Found Koics's Antique Weapon Shoppe.
  2188 | D:3      | Found a faded altar of an unknown god.
  2219 | D:3      | Prayed at the altar of an unknown god.
  2219 | D:3      | Became a worshipper of Jiyva Jarghe the Shapeless
  2219 | D:3      | Reached * piety under Jiyva
  2455 | D:3      | Reached XP level 4. HP: 41/41 MP: 6/6
  2627 | D:3      | Reached ** piety under Jiyva
  3003 | D:3      | Learned a level 3 spell: Mephitic Cloud
  3006 | D:3      | Learned a level 2 spell: Poisonous Vapours
  3117 | D:2      | Bought a glowing halberd for 154 gold pieces
  3206 | D:4      | Noticed Robin
  3215 | D:4      | Reached skill level 1 in Conjurations
  3215 | D:4      | Reached skill level 1 in Hexes
  3215 | D:4      | Reached skill level 1 in Summonings
  3215 | D:4      | Reached skill level 1 in Necromancy
  3215 | D:4      | Reached skill level 1 in Translocations
  3215 | D:4      | Reached skill level 1 in Transmutations
  3215 | D:4      | Reached skill level 1 in Fire Magic
  3215 | D:4      | Reached skill level 1 in Ice Magic
  3215 | D:4      | Reached skill level 1 in Air Magic
  3215 | D:4      | Reached skill level 1 in Earth Magic
  3215 | D:4      | Reached skill level 1 in Poison Magic
  3226 | D:4      | Slain by a goblin

Illustrated notes

Levels and vault maps discovered:
D:1:      mrwooster_arrival_statue_2, layout_basic, serial_rivers,
          chequers_serial_rivers_marsh, chequers_serial_rivers_small_3,
          chequers_serial_rivers_marsh, chequers_serial_rivers_small_a,
          chequers_serial_rivers_large_b, chequers_serial_rivers_micro_d
D:2:      layout_basic, serial_shops, shop_fountains
D:3:      layout_basic, hellmonk_ecumenical_altar_arch_garden
D:4:      layout_basic, mainiacjoe_overflow_paths, elyvilon_altar_5,
          grunt_temple_overflow_open, uniq_robin

Skill      XL: |  1  2  3  4 |
---------------+-------------+-----
Short Blades   | 1 |  1.2
Long Blades    | 1 |  1.2
Axes           | 1 |  1.2
Maces & Flails | 1 |  1.2
Polearms       | 1 |  1.2
Staves         | 1 |  1.2
Ranged Weapons | 1 |  1.2
Dodging        | 1 |  1.2
Stealth        | 1 |  1.2
Unarmed Combat | 1 |  1.2
Spellcasting   | 1 |  1.2
Evocations     | 1 |  1.2
Conjurations   | 1 |  1.0
Hexes          | 1 |  1.0
Summonings     | 1 |  1.0
Necromancy     | 1 |  1.0
Translocations | 1 |  1.0
Transmutations | 1 |  1.0
Fire Magic     | 1 |  1.0
Ice Magic      | 1 |  1.0
Air Magic      | 1 |  1.0
Earth Magic    | 1 |  1.0
Poison Magic   | 1 |  1.0
Fighting       | |  6.6
Throwing       | |  4.6
Armour         | |  2.8
Shields        | |  6.6
Invocations    | |  2.9

Action                   |  1- 3 |  4- 6 || total
-------------------------+-------+-------++-------
Melee: Dagger            |    71 |       ||    71
       Bite              |     6 |     3 ||     9
       Halberd           |       |    25 ||    25
 Fire: Sling             |    88 |    12 ||   100
Throw: Dart              |     3 |       ||     3
  Use: Potion            |     1 |     1 ||     2
       Scroll            |       |     1 ||     1
Armor: Leather armour    |    16 |     4 ||    20
Dodge: Dodged            |    37 |    30 ||    67
Block: Buckler           |    33 |       ||    33

Table legend: (Time is in decaauts)
 A = Elapsed time spent in this place.
 B = Non-inter-level travel time spent in this place.
 C = Inter-level travel time spent in this place.
 D = Time resting spent in this place.
 E = Time spent auto-exploring this place.
 F = Levels seen in this place.
 G = Mean time per level.
                   A        B        C        D        E       F      G
               +--------+--------+--------+--------+--------+-----+--------+
         Total |   3294 |   2927 |    367 |    479 |   1882 |   4 |  823.5 |
       Dungeon |   3294 |   2927 |    367 |    479 |   1882 |   4 |  823.5 |
               +--------+--------+--------+--------+--------+-----+--------+

Top non-repeatable levels by time:
     D:1: 1236 daAuts
     D:3: 1076 daAuts
     D:2: 931 daAuts
     D:4: 50 daAuts
